 Dungeon Crawl Stone Soup version 0.27-a0-1591-gc56fcc985a (webtiles) character file.

Game seed: 11324814962332797230

2007 HAL9000 the Cutter (level 9, -9/49 HPs)
             Began as a Vine Stalker Brigand on July 19, 2021.
             Mangled by a boulder beetle (26 damage)
             ... on level 6 of the Dungeon.
             The game lasted 00:10:55 (4996 turns).

HAL9000 the Cutter (Vine Stalker Brigand)           Turns: 4996, Time: 00:10:56

Health: -9/49      AC:  4    Str: 14    XL:     9   Next: 22%
Magic:  0/10       EV: 11    Int: 13    God:
Gold:   318        SH:  5    Dex: 17    Spells: 5/8 levels left

rFire    . . .     SeeInvis .   v - +1 dagger (vamp)
rCold    . . .     Faith    .   k - +0 buckler
rNeg     . . .     Spirit   +   b - +0 robe
rPois    .         Reflect  .   w - +0 helmet
rElec    .         Harm     .   c - +0 cloak
rCorr    .         Rampage  .   (no gloves)
Will     +....                  (no boots)
Stlth    +++.......             g - amulet of regeneration
HPRegen  2.16/turn              (no ring)
MPRegen  0.12/turn              (no ring)

@: no status effects
A: fangs 3, regeneration 1, magic shield, antimagic bite, no potion heal 2
a: no special abilities


You were on level 6 of the Dungeon.
You visited 1 branch of the dungeon, and saw 6 of its levels.

You collected 318 gold pieces.

Inventory:

Hand Weapons
 v - a +1 vampiric dagger (weapon)
 x - a +3 dagger
Missiles
 d - 63 poisoned darts (quivered)
 q - 10 boomerangs
Armour
 b - a +0 robe (worn)
 c - a +0 cloak (worn)
 k - a +0 buckler (worn)
 w - a +0 helmet (worn)
Jewellery
 g - an amulet of regeneration (around neck)
 y - an amulet of the acrobat
Wands
 a - a wand of flame (15)
Scrolls
 f - 4 scrolls of amnesia
 i - a scroll of teleportation {unknown}
 o - a scroll of fear {unknown}
 p - 2 scrolls of immolation {unknown}
 r - a scroll of torment {unknown}
 u - 2 scrolls of fog {unknown}
 A - a scroll of acquirement {unknown}
 D - 2 scrolls of identify
 E - a scroll of vulnerability {unknown}
 F - a scroll of blinking {unknown}
Potions
 h - 3 potions of curing {unknown}
 j - 4 potions of brilliance
 l - a potion of magic {unknown}
 m - a potion of resistance
 n - 5 potions of lignification
 s - 2 potions of might
 t - 2 potions of attraction
 z - a potion of heal wounds {unknown}
 B - 2 potions of flight {unknown}
 C - a potion of haste


   Skills:
 - Level 6.6 Fighting
 - Level 6.6 Short Blades
 - Level 3.1 Throwing
 - Level 0.7 Dodging
 - Level 4.8 Stealth
 - Level 4.0 Shields
 + Level 3.0 Hexes


You had 5 spell levels left.
You knew the following spells:

 Your Spells              Type           Power      Damage    Failure   Level
a - Confusing Touch       Hex            7%         N/A       26%         3

Your spell library contained the following spells:

 Spells                   Type           Power      Damage    Failure   Level
 Slow                     Hex            7%         N/A       14%         2
 Passwall                 Tmut/Erth      0%         N/A       43%         2
 Swiftness                Air            0%         N/A       67%         3
 Vampiric Draining        Necr           0%         2d6       67%         3
 Invisibility             Hex            3%         N/A       100%        6


Dungeon Overview and Level Annotations

Branches:
Dungeon (6/15)
 Temple: D:4-7

Altars:
Dithmenos
Elyvilon
Hepliaklqana
Kikubaaqudgha
Makhleb
Nemelex Xobeh
Okawaru
Vehumet


Innate Abilities, Weirdness & Mutations

You have razor-sharp teeth.
Your natural rate of healing is unusually fast.
When hurt, damage is shared between your health and your magic reserves.
Your bite disrupts and absorbs the magic of your enemies.
Potions cannot restore your health.


Message History

The helpless boulder beetle fails to defend itself.
You perforate the boulder beetle like a sieve!!!
Your bite misses the boulder beetle.
The boulder beetle is heavily wounded.
You block the boulder beetle's attack.
You hit the boulder beetle but do no damage.
The boulder beetle is heavily wounded.
The boulder beetle bites you!
You hit the boulder beetle.
You feel better.
You bite the boulder beetle, but do no damage.
The boulder beetle is heavily wounded.
You hit the boulder beetle but do no damage.
Your bite misses the boulder beetle.
The boulder beetle is heavily wounded.
The boulder beetle bites you!!
You are too injured to fight recklessly!
You are too injured to fight recklessly!
The boulder beetle leaps!
Throw: dart (curare)
Press: ? - help, Q - select action, (/) - cycle Shift-Dir - straight line, f - boulder beetle
Aim: a boulder beetle (heavily wounded, 90% to hit)
You throw a curare-tipped dart.
The curare-tipped dart hits the boulder beetle.
The boulder beetle is poisoned.
The boulder beetle convulses.
The boulder beetle seems to slow down.
The boulder beetle is severely wounded.
You hit the boulder beetle but do no damage.
You bite the boulder beetle, but do no damage.
The boulder beetle is severely wounded.
The boulder beetle bites you!!
* * * LOW HITPOINT WARNING * * *
You hit the boulder beetle but do no damage.
You bite the boulder beetle, but do no damage.
The boulder beetle is severely wounded.
Unknown command.
You hit the boulder beetle but do no damage.
The boulder beetle is severely wounded.
The boulder beetle bites you!!
Ouch! That really hurt!
You die...

# # ##. ##
############.. .#
.).........#.###
.#
############.#.##
.# # #..#.## .# #
#.###.# .# #
#..#.####.# #
#.###@#.°B# #
#..#.#B#$## #
#.######## #
#.#.# # #...####
# ###....# #
####.# # #.# #
#.#


You could see a boulder beetle (very poisoned, slow).

Vanquished Creatures
  Pikel (D:4)
  Prince Ribbit (D:6)
  Sigmund (D:4)
  2 necrophages
  3 lemures (D:3)
  2 bullfrogs (D:6)
  4 scorpions
  2 wyvern skeletons
  A hound (D:6)
  3 jellies
  A bullfrog zombie (D:5)
  A gnoll shaman (D:6)
  A bullfrog skeleton (D:6)
  An orc priest (D:5)
  A centaur skeleton (D:4)
  Jessica (D:2)
  Terence (D:2)
  Natasha (thrice) (D:3)
  Robin (D:3)
  3 gnolls (D:6)
  5 adders
  2 howler monkey skeletons
  An adder skeleton (D:4)
  A worm (D:5)
  9 dart slugs
  12 orcs
  5 ball pythons
  5 bats
  7 endoplasms
  5 giant cockroaches
  13 goblins
  8 hobgoblins
  11 jackals
  2 quokkas (D:1)
  7 kobolds
  4 rats
131 creatures vanquished.

Vanquished Creatures (others)
  3 demonic plants (D:3)
  7 fungi (D:3)
  10 plants (D:3)
  4 withered plants (D:3)
24 creatures vanquished.

Grand Total: 155 creatures vanquished

Notes
Turn   | Place    | Note
-------+----------+-------------------------------------------
     0 | D:1      | HAL9000 the Vine Stalker Brigand began the quest for the
                  | Orb.
     0 | D:1      | Reached XP level 1. HP: 11/11 MP: 2/2
   266 | D:1      | Reached XP level 2. HP: 15/15 MP: 1/3
   527 | D:1      | Reached XP level 3. HP: 18/18 MP: 4/4
  1157 | D:2      | Noticed Jessica
  1162 | D:2      | Killed Jessica
  1163 | D:2      | Reached skill level 1 in Shields
  1163 | D:2      | Gained mutation: Your natural rate of healing is unusually
                  | fast. [Vine Stalker growth]
  1163 | D:2      | Reached XP level 4. HP: 23/23 MP: 5/5
  1554 | D:3      | Noticed Terence
  1569 | D:2      | Killed Terence
  1684 | D:3      | Found a faded altar of an unknown god.
  1687 | D:3      | Noticed Natasha
  1786 | D:3      | Reached XP level 5. HP: 24/26 MP: 6/6
  1982 | D:3      | Killed Natasha
  2064 | D:3      | Learned a level 3 spell: Confusing Touch
  2166 | D:3      | Noticed Robin
  2193 | D:3      | Reached XP level 6. HP: 24/30 MP: 2/7
  2211 | D:3      | Killed Robin
  2357 | D:3      | Found a sparkling altar of Nemelex Xobeh.
  2362 | D:3      | Noticed Natasha
  2375 | D:3      | Killed Natasha
  2396 | D:3      | Noticed Natasha
  2407 | D:3      | Killed Natasha
  2452 | D:4      | Noticed Sigmund
  2608 | D:4      | Noticed Pikel
  2677 | D:4      | Killed Sigmund
  2678 | D:4      | Reached XP level 7. HP: 27/34 MP: 4/8
  2788 | D:4      | Found a burning altar of Makhleb.
  2834 | D:4      | Killed Pikel
  2835 | D:4      | Gained mutation: You have razor-sharp teeth. [Vine Stalker
                  | growth]
  2835 | D:4      | Reached XP level 8. HP: 37/38 MP: 9/9
  3125 | D:4      | Found an iron altar of Okawaru.
  3130 | D:4      | Found a shadowy altar of Dithmenos.
  3133 | D:4      | Found an ancient bone altar of Kikubaaqudgha.
  3238 | D:4      | Found a white marble altar of Elyvilon.
  3430 | D:5      | Entered Level 5 of the Dungeon
  3554 | D:5      | Found a radiant altar of Vehumet.
  3713 | D:5      | Found a hazy altar of Hepliaklqana.
  4160 | D:6      | Reached skill level 5 in Fighting
  4416 | D:6      | Noticed Prince Ribbit
  4444 | D:6      | Killed Prince Ribbit
  4445 | D:6      | Reached XP level 9. HP: 40/49 MP: 6/10
  4516 | D:6      | Reached skill level 1 in Hexes
  4981 | D:6      | Noticed a boulder beetle
  4996 | D:6      | Mangled by a boulder beetle

Illustrated notes

Levels and vault maps discovered:
D:1:      scummos_arrival_simple_fountains, layout_rooms, minivault_4
D:2:      layout_loops_corners, uniq_jessica
D:3:      layout_rooms, nemelex_dance_club_becter, shapermc_ecumenical_altar_gd,
          chequers_serial_rivers_micro_e, uniq_terence, uniq_robin, uniq_natasha
D:4:      kennysheep_slugbush, layout_cave_pools, minitemple,
          mainiacjoe_overflow_catwalk, general_overflow_altar, uniq_pikel,
          uniq_sigmund
D:5:      layout_rooms, mainiacjoe_overflow_concentric_impassable,
          old_standard_altar, serial_glass, glass_columns_b, glass_columns_b,
          glass_columns_b, glass_columns_c, glass_columns_a, glass_columns_b,
          glass_columns_a, glass_columns_a, glass_columns_a, glass_columns_b
D:6:      layout_loops_ring, grunt_ministairs_2, minmay_small_thing,
          uniq_prince_ribbit1

Skill      XL: |  1  2  3  4  5  6  7  8  9 |
---------------+----------------------------+-----
Throwing       | 2 3 |  3.1
Shields        | 1 3 4 |  4.0
Short Blades   | 2 4 6 |  6.6
Fighting       | 6 |  6.6
Hexes          | 3 |  3.0
Dodging        | |  0.7
Stealth        | |  4.8

Action                   |  1- 3 |  4- 6 |  7- 9 || total
-------------------------+-------+-------+-------++-------
Melee: Dagger            |    68 |   250 |   257 ||   575
       Bite              |    13 |    56 |   109 ||   178
Throw: Dart              |     1 |     9 |    33 ||    43
Evoke: Wand              |       |     2 |       ||     2
  Use: Scroll            |     1 |       |     6 ||     7
 Stab: Sleeping          |     9 |     6 |     5 ||    20
       Distracted        |       |       |     1 ||     1
Armor: Robe              |    20 |    62 |    41 ||   123
Dodge: Dodged            |    27 |   160 |    63 ||   250
Block: Buckler           |       |    74 |    51 ||   125

Table legend: (Time is in decaauts)
 A = Elapsed time spent in this place.
 B = Non-inter-level travel time spent in this place.
 C = Inter-level travel time spent in this place.
 D = Time resting spent in this place.
 E = Time spent auto-exploring this place.
 F = Levels seen in this place.
 G = Mean time per level.
                   A        B        C        D        E       F      G
               +--------+--------+--------+--------+--------+-----+--------+
         Total |   4903 |   4687 |    216 |    253 |   3149 |   6 |  817.2 |
       Dungeon |   4903 |   4687 |    216 |    253 |   3149 |   6 |  817.2 |
               +--------+--------+--------+--------+--------+-----+--------+

Top non-repeatable levels by time:
     D:3: 1044 daAuts
     D:2: 906 daAuts
     D:6: 847 daAuts
     D:4: 775 daAuts
     D:1: 713 daAuts
     D:5: 617 daAuts
